AoeStats
← bapuji

Arena

508542067Analyzed
4v4 RM · 9d ago on Sep 22, 2026· 65m 36s· 8 players
Game mode
Random Map
Map size
Large (8 player)
Population
200
Speed
Normal
Resources
Standard
Victory
Conquest
Starting age
Dark Age
Ending age
Imperial Age
RankedLock teamsTeams togetherTeam positionsShared explorationLock speedFull tech treeHidden civsTurbo modeCheats
Victory
Defeat
🇵🇱 Franks · Poland
641
+13
🇹🇷 Britons · Türkiye
570
+15
🇮🇹 Britons · Italy
536
+17
🇨🇱 Lithuanians · Chile
506
+18
🇨🇱 Chinese · Chile
692
-21
🇮🇳 Sicilians · India
648
-19
🇨🇱 Chinese · Chile
457
-12
🇺🇸 Spanish · United States
438
-11
Amaromuro876
12:20 Feudal Age
13:52 Double-Bit Axe
14:59 Wheelbarrow
21:06 Castle Age
19:14 Horse Collar
22:27 Gold Mining
23:00 Bow Saw
25:14 Gold Shaft Mining
28:17 Hand Cart
29:22 Heavy Plow
37:08 Imperial Age
34:49 Stone Mining
37:10 Fletching
37:21 Padded Archer Armor
37:17 Elite Longbowman
45:03 Chemistry
44:02 Bodkin Arrow
44:22 Leather Archer Armor
50:35 Heavy Mounted Crossbowman
50:43 Cranequins
52:14 Fortified Wall
52:57 Caravan
54:04 Two-Man Saw
56:47 Bracer
57:17 Ring Archer Armor
59:12 Warwolf
60:11 Conscription
bastivilla.666
14:36 Feudal Age
17:27 Horse Collar
17:34 Double-Bit Axe
18:27 Wheelbarrow
19:47 Scale Mail Armor
19:54 Scale Barding Armor
20:00 Forging
22:18 Arson
21:54 Man-at-Arms
23:19 Gold Mining
25:53 Castle Age
26:41 Bloodlines
27:19 Light Cavalry
28:37 Bow Saw
29:41 Squires
29:01 Pikeman
29:02 Long Swordsman
31:15 Stone Mining
31:45 Hand Cart
33:16 Chain Barding Armor
33:39 Husbandry
39:08 Stone Shaft Mining
40:30 Iron Casting
40:11 Chain Mail Armor
50:53 Imperial Age
51:02 Winged Hussar
51:02 Cavalier
51:05 Elite Leitis
51:47 Hill Forts
51:55 Hill Forts
52:23 Two-Handed Swordsman
54:35 Heavy Plow
55:27 Champion
55:28 Halberdier
60:00 Plate Barding Armor
Xinobi
10:42 Feudal Age
12:25 Horse Collar
16:01 Castle Age
17:41 Gold Mining
17:39 Double-Bit Axe
17:40 Horse Collar
18:48 Heavy Plow
23:45 Caravan
26:58 Wheelbarrow
27:03 Bow Saw
27:21 Town Watch
27:24 Treadmill Crane
34:16 Imperial Age
32:36 Stone Mining
34:01 Hand Cart
34:03 Squires
36:03 Chemistry
35:32 Conscription
35:26 Elite Longbowman
36:31 Pikeman
36:57 Arson
37:23 Padded Archer Armor
37:14 Fletching
38:10 Ballistics
38:30 Town Patrol
39:08 Yeomen
39:05 Leather Archer Armor
38:40 Fletching
39:02 Forging
39:11 Arrowslits
40:58 Ring Archer Armor
40:31 Bodkin Arrow
40:26 Halberdier
49:17 Warwolf
52:12 Iron Casting
51:37 Bracer
51:38 Scale Mail Armor
51:36 Murder Holes
52:48 Two-Man Saw
56:07 Blast Furnace
55:22 Chain Mail Armor
HyDRO™23
5:56 Loom
10:50 Feudal Age
14:21 Double-Bit Axe
19:54 Castle Age
23:09 Stone Mining
24:12 Wheelbarrow
23:55 Gold Mining
32:59 Imperial Age
32:20 Bow Saw
32:59 Ballistics
36:15 Conscription
36:26 Hand Cart
38:23 Scale Barding Armor
38:32 Forging
38:40 Murder Holes
40:50 Chain Barding Armor
43:54 Husbandry
44:25 Hand Cart
46:08 Light Cavalry
47:44 Plate Barding Armor
47:43 Coinage
49:21 Iron Casting
51:01 Blast Furnace
53:01 Coinage
60:21 Cavalier
62:35 Scale Mail Armor
63:12 Town Watch
christopherpark5588
0:28 Loom
14:22 Feudal Age
15:36 Double-Bit Axe
18:02 Horse Collar
19:33 Stone Mining
20:12 Gold Mining
21:27 Bloodlines
27:41 Castle Age
25:58 Scale Mail Armor
26:04 Fletching
26:14 Padded Archer Armor
26:32 Padded Archer Armor
27:40 Forging
28:07 Scale Barding Armor
32:54 Heavy Plow
33:25 Husbandry
34:45 Wheelbarrow
33:56 Town Watch
35:23 Stone Shaft Mining
35:24 Ballistics
35:25 Bow Saw
34:44 Light Cavalry
36:04 Caravan
36:35 Fortified Wall
36:36 Masonry
37:07 Hand Cart
36:52 Town Patrol
37:21 Town Patrol
37:46 Sanctity
37:37 Fervor
39:25 Devotion
39:22 Herbal Medicine
39:47 Thumb Ring
40:05 Murder Holes
40:40 Inquisition
40:49 Devotion
43:51 Iron Casting
43:31 Chain Mail Armor
46:38 Imperial Age
44:49 Iron Casting
44:29 Chain Mail Armor
44:41 Leather Archer Armor
46:06 Bodkin Arrow
46:26 Chain Mail Armor
47:54 Conscription
49:04 Conscription
54:57 Chain Mail Armor
62:02 Plate Mail Armor
62:22 Cavalier
62:22 Hussar
65:30 Blast Furnace
ELEODUTYFULL
1:24 Loom
14:41 Feudal Age
21:25 Castle Age
22:40 Elite Skirmisher
23:44 Town Watch
24:40 Double-Bit Axe
33:30 Wheelbarrow
35:52 Padded Archer Armor
35:52 Scale Mail Armor
35:58 Scale Barding Armor
35:44 Fletching
36:05 Forging
35:51 Pikeman
36:32 Squires
42:03 Imperial Age
44:50 Great Wall
47:21 Elite Chu Ko Nu
50:05 Halberdier
54:59 Chemistry
58:34 Leather Archer Armor
58:34 Chain Mail Armor
58:40 Chain Barding Armor
58:55 Iron Casting
58:16 Bodkin Arrow
60:03 Bow Saw
sebajr10
10:40 Feudal Age
11:56 Wheelbarrow
11:09 Double-Bit Axe
19:07 Castle Age
17:48 Stone Mining
21:51 Bow Saw
21:59 Horse Collar
22:15 Gold Mining
24:41 Hand Cart
24:36 Fletching
24:46 Padded Archer Armor
30:40 Imperial Age
28:04 Loom
28:21 Heavy Plow
29:19 Bodkin Arrow
29:40 Leather Archer Armor
31:13 Ballistics
31:21 Bracer
31:52 Ring Archer Armor
31:59 Town Watch
32:14 Elite Chu Ko Nu
35:58 Chemistry
35:13 Forging
38:22 Gold Shaft Mining
38:23 Stone Shaft Mining
43:29 Elite Fire Lancer
44:12 Squires
49:57 Iron Casting
49:28 Scale Barding Armor
49:30 Cavalier
50:10 Husbandry
50:22 Bloodlines
51:39 Blast Furnace
55:12 Chain Barding Armor
bapuji
0:42 Loom
14:57 Feudal Age
16:15 Wheelbarrow
15:27 Double-Bit Axe
15:29 Horse Collar
15:38 Town Watch
20:39 Gold Mining
21:11 Stone Mining
21:04 Man-at-Arms
22:44 Arson
23:02 Scale Mail Armor
24:24 Forging
27:29 Castle Age
28:59 Iron Casting
28:42 Chain Mail Armor
28:32 Husbandry
28:35 Heavy Plow
28:47 Bow Saw
29:14 Gold Shaft Mining
29:24 Stone Shaft Mining
29:14 Hand Cart
29:18 Squires
29:12 Gambesons
29:37 Pikeman
30:29 Scale Barding Armor
30:37 Padded Archer Armor
30:33 Fletching
31:02 Bloodlines
31:55 Town Patrol
32:42 Long Swordsman
33:45 Chain Barding Armor
34:39 Caravan
35:00 Masonry
36:39 Bodkin Arrow
40:36 Ballistics
44:36 Imperial Age
45:21 Leather Archer Armor
45:07 Murder Holes
44:53 Two-Handed Swordsman
46:21 Onager
50:36 Conscription
50:36 Hauberk
51:52 Hoardings
54:30 Siege Engineers
53:48 Cavalier
55:31 Blast Furnace
55:05 Plate Mail Armor
55:59 Coinage
56:43 First Crusade
55:47 Capped Ram
55:51 Light Cavalry
60:50 Banking
60:31 Guilds
62:26 Siege Ram
63:11 Bracer
63:52 Plate Barding Armor
63:59 Crop Rotation
Connection lost

Rejoining the realm…

Still unreachable

The connection could not be restored.

Session expired

The server has moved on; the page needs a fresh start.